ESL (28 & UNDER)
MT PLEASANT BEARCATS @ SPRINGFIELD SIMPSONS
08/21/2026
 
TOP OF THE 1ST
Mt Pleasant Bearcats batting - Pitching for Springfield Simpsons : RHP Erwin Entwistle
Pitching: RHP Erwin Entwistle
Batting: RHB Patrick Potts 0-0: Ball
1-0: Ball
2-0: Foul Ball, location: 2F
2-1: Foul Ball, location: 2F
2-2: Strikes out swinging
Batting: RHB Ryosei Yamamoto 0-0: Ground out 1-3 (Groundball, 13S)
Batting: SHB Roberto Rivera 0-0: Ball
1-0: Foul Ball, location: 2F
1-1: Swinging Strike
1-2: Ball
2-2: Ball
3-2: Foul Ball, location: 2F
3-2: Ground out U3 (Groundball, 3)
Top of the 1st over - 0 run(s), 0 hit(s), 0 error(s), 0 left on base; Mt Pleasant 0 - Springfield 0
BOTTOM OF THE 1ST
Springfield Simpsons batting - Pitching for Mt Pleasant Bearcats : LHP Dwight Livingston
Pitching: LHP Dwight Livingston
Batting: SHB Jorge García 0-0: Ball
1-0: Foul Ball, location: 2F
1-1: Ball
2-1: Ball
3-1: Foul Ball, location: 2F
3-2: Base on Balls
Batting: RHB Ken McDonald 0-0: Ball
1-0: Swinging Strike
Jorge García is caught stealing 2nd base
1-1: Called Strike
1-2: Ball
2-2: DOUBLE (Groundball, 5L)
Batting: LHB Tony O'Bryan 0-0: Foul Ball, location: 2F
0-1: Ball
1-1: Fly out, F7 (Flyball, 7LM)
Batting: RHB Brant Sherman 0-0: Ball
1-0: Ball
2-0: Ball
3-0: Called Strike
3-1: Base on Balls
Batting: RHB Gavin Downey 0-0: Ground out 5-3 (Groundball, 5)
Bottom of the 1st over - 0 run(s), 1 hit(s), 0 error(s), 2 left on base; Mt Pleasant 0 - Springfield 0
TOP OF THE 2ND
Mt Pleasant Bearcats batting - Pitching for Springfield Simpsons : RHP Erwin Entwistle
Batting: LHB Robert Moore 0-0: Ball
1-0: Ball
2-0: Ball
3-0: Called Strike
3-1: Foul Ball, location: 2F
3-2: Strikes out swinging
Batting: RHB Pat Fernández 0-0: Ball
1-0: Called Strike
1-1: Swinging Strike
1-2: Strikes out looking
Batting: RHB Ricardo Salazar 0-0: Ball
1-0: Called Strike
1-1: Foul Ball, location: 2F
1-2: Strikes out swinging
Top of the 2nd over - 0 run(s), 0 hit(s), 0 error(s), 0 left on base; Mt Pleasant 0 - Springfield 0
BOTTOM OF THE 2ND
Springfield Simpsons batting - Pitching for Mt Pleasant Bearcats : LHP Dwight Livingston
Batting: RHB Manny Ramírez 0-0: Foul Ball, location: 2F
0-1: Called Strike
0-2: Ground out 6-3 (Groundball, 6MS)
Batting: RHB Danny Crouch 0-0: Ball
1-0: Ball
2-0: Called Strike
2-1: Ball
3-1: Base on Balls
Batting: RHB Esteban Salas 0-0: Ball
1-0: 2-RUN HOME RUN (Flyball, 7D), Distance : 372 ft
Batting: RHB Kawanari Hara 0-0: Called Strike
0-1: Foul Ball, location: 2F
0-2: Ball
1-2: Ball
2-2: Foul Ball, location: 2F
2-2: Ground out 6-3 (Groundball, 6M)
Batting: SHB Jorge García 0-0: Ball
1-0: Ball
2-0: Ball
3-0: Called Strike
3-1: Fly out, F2 (Popup, 23F)
Bottom of the 2nd over - 2 run(s), 1 hit(s), 0 error(s), 0 left on base; Mt Pleasant 0 - Springfield 2
TOP OF THE 3RD
Mt Pleasant Bearcats batting - Pitching for Springfield Simpsons : RHP Erwin Entwistle
Batting: RHB Ramiro Chávez 0-0: Called Strike
0-1: Foul Ball, location: 2F
0-2: Ball
1-2: Ball
2-2: Fly out, F4 (Popup, 13)
Batting: RHB Ichizo Akiyama 0-0: Fly out, F8 (Flyball, 8LS)
Batting: RHB Roberto Martínez 0-0: Ball
1-0: Fly out, F7 (Line Drive, 7M)
Top of the 3rd over - 0 run(s), 0 hit(s), 0 error(s), 0 left on base; Mt Pleasant 0 - Springfield 2
BOTTOM OF THE 3RD
Springfield Simpsons batting - Pitching for Mt Pleasant Bearcats : LHP Dwight Livingston
Batting: RHB Ken McDonald 0-0: Called Strike
0-1: Called Strike
0-2: Foul Ball, location: 2F
0-2: Ball
1-2: Strikes out swinging
Batting: LHB Tony O'Bryan 0-0: Called Strike
0-1: Ball
1-1: Ball
2-1: Ball
3-1: Ground out U3 (Groundball, 3)
Batting: RHB Brant Sherman 0-0: Ball
1-0: Ball
2-0: Ball
3-0: Base on Balls
Batting: RHB Gavin Downey 0-0: Ball
1-0: Ground out 5-3 (Groundball, 56S)
Bottom of the 3rd over - 0 run(s), 0 hit(s), 0 error(s), 1 left on base; Mt Pleasant 0 - Springfield 2
TOP OF THE 4TH
Mt Pleasant Bearcats batting - Pitching for Springfield Simpsons : RHP Erwin Entwistle
Batting: RHB Patrick Potts 0-0: Ball
1-0: Ball
2-0: Ball
3-0: Called Strike
3-1: Base on Balls
Batting: RHB Ryosei Yamamoto 0-0: Ball
1-0: Foul Ball, location: 2F
1-1: Ball
2-1: Called Strike
2-2: Strikes out swinging
Batting: SHB Roberto Rivera 0-0: Ball
1-0: Foul Ball, location: 2F
1-1: Ball
2-1: Ball
3-1: Swinging Strike
3-2: Grounds into double play, 1-6-3 (Groundball, 13S)
Top of the 4th over - 0 run(s), 0 hit(s), 0 error(s), 0 left on base; Mt Pleasant 0 - Springfield 2
BOTTOM OF THE 4TH
Springfield Simpsons batting - Pitching for Mt Pleasant Bearcats : LHP Dwight Livingston
Batting: RHB Manny Ramírez 0-0: Swinging Strike
0-1: Foul Ball, location: 2F
0-2: Ball
1-2: Strikes out swinging
Batting: RHB Danny Crouch 0-0: Ball
1-0: Ball
2-0: Ball
3-0: Base on Balls
Batting: RHB Esteban Salas 0-0: Called Strike
0-1: Fielders Choice at 2nd, 2-6 (Groundball, 2R)
Batting: RHB Kawanari Hara 0-0: Ball
1-0: Ball
2-0: Called Strike
2-1: Ground out 1-3 (Groundball, 25)
Bottom of the 4th over - 0 run(s), 0 hit(s), 0 error(s), 1 left on base; Mt Pleasant 0 - Springfield 2
TOP OF THE 5TH
Mt Pleasant Bearcats batting - Pitching for Springfield Simpsons : RHP Erwin Entwistle
Batting: LHB Robert Moore 0-0: Called Strike
0-1: Ball
1-1: DOUBLE (Flyball, 9LD)
Batting: RHB Pat Fernández 0-0: Ball
1-0: Swinging Strike
1-1: Ball
2-1: Called Strike
2-2: Fly out, F9 (Flyball, 9M)
Batting: RHB Ricardo Salazar 0-0: Ball
1-0: Swinging Strike
1-1: Swinging Strike
1-2: Ball
2-2: Strikes out swinging
Batting: RHB Ramiro Chávez 0-0: Ball
1-0: Called Strike
1-1: Foul Ball, location: 2F
1-2: Ball
2-2: Foul Ball, location: 2F
2-2: Ball
3-2: Strikes out swinging
Top of the 5th over - 0 run(s), 1 hit(s), 0 error(s), 1 left on base; Mt Pleasant 0 - Springfield 2
BOTTOM OF THE 5TH
Springfield Simpsons batting - Pitching for Mt Pleasant Bearcats : LHP Dwight Livingston
Batting: SHB Jorge García 0-0: Ball
1-0: Ball
2-0: Called Strike
2-1: Fly out, F7 (Flyball, 7M)
Batting: RHB Ken McDonald 0-0: Swinging Strike
0-1: Swinging Strike
0-2: Strikes out swinging
Batting: LHB Tony O'Bryan 0-0: Called Strike
0-1: Called Strike
0-2: Strikes out swinging
Bottom of the 5th over - 0 run(s), 0 hit(s), 0 error(s), 0 left on base; Mt Pleasant 0 - Springfield 2
TOP OF THE 6TH
Mt Pleasant Bearcats batting - Pitching for Springfield Simpsons : RHP Erwin Entwistle
Batting: RHB Ichizo Akiyama 0-0: Called Strike
0-1: Ball
1-1: Bunted foul
1-2: Strikes out looking
Batting: RHB Roberto Martínez 0-0: SINGLE (Groundball, 56D)
Batting: RHB Patrick Potts 0-0: Ball
1-0: Called Strike
1-1: Ball
2-1: Foul Ball, location: 2F
2-2: Foul Ball, location: 2F
2-2: Ball
3-2: Strikes out swinging
Batting: RHB Ryosei Yamamoto 0-0: Called Strike
0-1: Swinging Strike
0-2: Ball
1-2: Strikes out swinging
Top of the 6th over - 0 run(s), 1 hit(s), 0 error(s), 1 left on base; Mt Pleasant 0 - Springfield 2
BOTTOM OF THE 6TH
Springfield Simpsons batting - Pitching for Mt Pleasant Bearcats : LHP Dwight Livingston
Batting: RHB Brant Sherman 0-0: Foul Ball, location: 2F
0-1: Called Strike
0-2: Foul Ball, location: 2F
0-2: Ball
1-2: Ball
2-2: Foul Ball, location: 2F
2-2: Foul Ball, location: 2F
2-2: Ball
3-2: Base on Balls
Batting: RHB Gavin Downey 0-0: Ball
1-0: Called Strike
1-1: Ball
2-1: Ball
Brant Sherman steals 2nd base
3-1: Called Strike
3-2: Base on Balls
Pitching: RHP Jorge Amador
Batting: RHB Manny Ramírez 0-0: Ball
1-0: DOUBLE (Flyball, 89XD)
Brant Sherman scores
Gavin Downey to third
Batting: RHB Danny Crouch 0-0: Ball
1-0: Ball
2-0: Ball
3-0: Called Strike
3-1: Foul Ball, location: 2F
3-2: Strikes out swinging
Batting: RHB Esteban Salas 0-0: Ball
1-0: Ball
2-0: SINGLE (Line Drive, 6MD)
Gavin Downey scores
Manny Ramírez to third
Runner from 3rd tries for Home, SAFE, no throw or cutoff
Batting: RHB Kawanari Hara 0-0: Fly out, F9 (Flyball, 9M)
Batting: SHB Jorge García 0-0: Ball
1-0: Ball
2-0: Called Strike
2-1: Foul Ball, location: 2F
2-2: Ball
3-2: Strikes out looking
Bottom of the 6th over - 3 run(s), 2 hit(s), 0 error(s), 1 left on base; Mt Pleasant 0 - Springfield 5
TOP OF THE 7TH
Mt Pleasant Bearcats batting - Pitching for Springfield Simpsons : RHP Erwin Entwistle
Batting: SHB Roberto Rivera 0-0: Ball
1-0: Called Strike
1-1: Called Strike
1-2: Strikes out looking
Batting: LHB Robert Moore 0-0: Ball
1-0: Ball
2-0: Foul Ball, location: 2F
2-1: Foul Ball, location: 2F
2-2: Strikes out looking
Batting: RHB Pat Fernández 0-0: Ball
1-0: Called Strike
1-1: Swinging Strike
1-2: SINGLE (Line Drive, 4M)
Pitching: LHP Rubén Rico
Batting: RHB Ricardo Salazar 0-0: Ball
1-0: Called Strike
1-1: Foul Ball, location: 2F
1-2: Foul Ball, location: 2F
1-2: Foul Ball, location: 2F
1-2: Ball
2-2: Foul Ball, location: 2F
2-2: Strikes out swinging
Top of the 7th over - 0 run(s), 1 hit(s), 0 error(s), 1 left on base; Mt Pleasant 0 - Springfield 5
BOTTOM OF THE 7TH
Springfield Simpsons batting - Pitching for Mt Pleasant Bearcats : RHP Jorge Amador
Batting: RHB Ken McDonald 0-0: Swinging Strike
0-1: Foul Ball, location: 2F
0-2: Foul Ball, location: 2F
0-2: Ball
1-2: Ground out 5-3 (Groundball, 5)
Batting: LHB Tony O'Bryan 0-0: Called Strike
0-1: Foul Ball, location: 2F
0-2: Foul Ball, location: 2F
0-2: Foul Ball, location: 2F
0-2: Foul Ball, location: 2F
0-2: Ball
1-2: SINGLE (Groundball, 4M)
Batting: RHB Brant Sherman 0-0: Ball
1-0: Called Strike
1-1: Ball
2-1: Ball
3-1: Base on Balls
Tony O'Bryan to second
Batting: RHB Gavin Downey 0-0: Ball
1-0: Grounds into double play, 6-4-3 (Groundball, 6)
Bottom of the 7th over - 0 run(s), 1 hit(s), 0 error(s), 1 left on base; Mt Pleasant 0 - Springfield 5
TOP OF THE 8TH
Mt Pleasant Bearcats batting - Pitching for Springfield Simpsons : LHP Rubén Rico
Batting: RHB Ramiro Chávez 0-0: Foul Ball, location: 2F
0-1: Foul Ball, location: 2F
0-2: Ground out 4-3 (Groundball, 4M)
Batting: RHB Ichizo Akiyama 0-0: Called Strike
0-1: Swinging Strike
0-2: Foul Ball, location: 2F
0-2: Strikes out swinging
Batting: RHB Roberto Martínez 0-0: Swinging Strike
0-1: Foul Ball, location: 2F
0-2: Foul Ball, location: 2F
0-2: Ball
1-2: Ball
2-2: Foul Ball, location: 2F
2-2: Strikes out swinging
Top of the 8th over - 0 run(s), 0 hit(s), 0 error(s), 0 left on base; Mt Pleasant 0 - Springfield 5
BOTTOM OF THE 8TH
Springfield Simpsons batting - Pitching for Mt Pleasant Bearcats : RHP Jorge Amador
Pitching: RHP Claudio Ramírez
Batting: RHB Manny Ramírez 0-0: Ball
1-0: Called Strike
1-1: Ground out 2-3 (Groundball, 2L)
Batting: RHB Danny Crouch 0-0: Ball
1-0: Called Strike
1-1: Called Strike
1-2: Foul Ball, location: 2F
1-2: Ball
2-2: Ball
3-2: Ground out 4-3 (Groundball, 4)
Batting: RHB Esteban Salas 0-0: Ball
1-0: Swinging Strike
1-1: Ball
2-1: Ball
3-1: Foul Ball, location: 2F
3-2: Ground out U3 (Groundball, 3)
Bottom of the 8th over - 0 run(s), 0 hit(s), 0 error(s), 0 left on base; Mt Pleasant 0 - Springfield 5
TOP OF THE 9TH
Mt Pleasant Bearcats batting - Pitching for Springfield Simpsons : LHP Rubén Rico
Batting: RHB Patrick Potts 0-0: Swinging Strike
0-1: Ball
1-1: SINGLE (Groundball, 56D)
Batting: RHB Ryosei Yamamoto 0-0: Ball
1-0: Ball
2-0: Ball
3-0: Called Strike
3-1: Base on Balls
Patrick Potts to second
Batting: SHB Roberto Rivera 0-0: Ball
1-0: Foul Ball, location: 2F
1-1: DOUBLE (Line Drive, 9LS)
Patrick Potts scores
Ryosei Yamamoto to third
Pitching: RHP Ryan Klein
Batting: LHB Robert Moore 0-0: Called Strike
0-1: Ball
1-1: Ball
2-1: Called Strike
2-2: Strikes out looking
Batting: RHB Pat Fernández 0-0: Swinging Strike
0-1: Ground out 6-3 (Groundball, 6)
Ryosei Yamamoto scores
Batting: RHB Ricardo Salazar 0-0: Ball
1-0: Ball
2-0: Called Strike
2-1: Foul Ball, location: 2F
2-2: Ground out 6-3 (Groundball, 6)
Top of the 9th over - 2 run(s), 2 hit(s), 0 error(s), 1 left on base; Mt Pleasant 2 - Springfield 5
Monday, December 5th, 2016 - OOTP Baseball 17.12 Build 75